 Dungeon Crawl Stone Soup version 0.31.0-12-g77e489cdc1 (webtiles) character file.

Game seed: 1767985115085393197

126 lordive the Covered (level 4, -6/40 HPs)
             Began as a Minotaur Fighter on Mar 2, 2024.
             Mangled by an iguana (10 damage)
             ... on level 3 of the Dungeon.
             The game lasted 00:02:42 (2206 turns).

lordive the Covered (Minotaur Fighter)              Turns: 2206, Time: 00:02:43

Health: -6/40      AC:  6    Str: 22    XL:     4   Next: 84%
Magic:  3/3        EV: 11    Int:  5    God:
Gold:   206        SH:  4    Dex: 10    Spells: 3/3 levels left

rFire   . . .        a - +0 flail
rCold   . . .        c - +0 buckler
rNeg    . . .        q - +3 leather armour
rPois   .            (helmet restricted)
rElec   .            p - scarf {shadows}
rCorr   .            (no gloves)
SInv    .            (no boots)
Will    .....        (no amulet)
Stlth   +            (no ring)
HPRegen 0.26/turn    (no ring)
MPRegen 0.08/turn

%: no passive effects
@: no status effects
A: horns 2, retaliatory headbutt
a: no special abilities


You were on level 3 of the Dungeon.
You visited 1 branch of the dungeon, and saw 3 of its levels.

You collected 206 gold pieces.

Inventory:

Hand Weapons
 a - a +0 flail (weapon)
Armour
 b - a +0 scale mail
 c - a +0 buckler (worn)
 p - a scarf of shadows (worn)
 q - a +3 leather armour (worn)
Jewellery
 o - a +4 ring of slaying
Talismans
 j - a beast talisman
Wands
 r - a wand of mindburst (19)
Scrolls
 e - 2 scrolls of enchant weapon {unknown}
 g - 2 scrolls of identify {unknown}
 h - a scroll of revelation {unknown}
 i - 2 scrolls of teleportation {unknown}
 l - 2 scrolls of fear {unknown}
Potions
 d - 3 potions of might
 f - 3 potions of brilliance {unknown}
 k - 2 potions of curing {unknown}
 m - a potion of lignification {unknown}
 n - 2 potions of heal wounds {unknown}


   Skills:
 + Level 4.1 Fighting
 + Level 3.9 Maces & Flails
 + Level 4.4 Armour
 + Level 1.0 Dodging
 + Level 4.3 Shields
 * Level 0.8 Shapeshifting


You had 3 spell levels left.
You didn't know any spells.
Your spell library contained the following spells:

 Spells                   Type           Power      Damage    Failure   Level
 Volatile Blastmotes      Fire/Tloc      0%         2d10      92%         3
 Fulminant Prism          Conj/Alch      0%         3d5       100%        4
 Iskenderun's Mystic Bla  Conj/Tloc      0%         2d3       100%        4


Dungeon Overview and Level Annotations

Branches:
Dungeon (3/15)

Altars:
Zin
The Shining One


Innate Abilities, Weirdness & Mutations

You have a pair of horns on your head.
You reflexively headbutt those who attack you in melee.


Message History

You block the orc's attack. The iguana barely misses you.
You thump the orc!
You kill the orc!
You block the iguana's attack.
You thump the iguana!
The iguana is severely wounded.
The iguana bites you. The quokka bites you. The iguana bites you!
* * * LOW HITPOINT WARNING * * *
You are too injured to fight recklessly!
You are too injured to fight recklessly!
You are too injured to fight recklessly!
You are too injured to fight recklessly!
You are too injured to fight recklessly!
You are too injured to fight recklessly!
You are too injured to fight recklessly!
You are too injured to fight recklessly!
You are too injured to fight recklessly!
You are too injured to fight recklessly!
You are too injured to fight recklessly!
You are too injured to fight recklessly!
You are too injured to fight recklessly!
You are too injured to fight recklessly!
You are too injured to fight recklessly!
You are too injured to fight recklessly!
You are too injured to fight recklessly!
Unknown command.
You closely miss the quokka. You headbutt the quokka.
You kill the quokka!
The iguana misses you.
The iguana bites you but does no damage.
Things that are here:
a +0 hand axe; a +0 ring mail You hit the iguana but do no damage.
The iguana is severely wounded.
The iguana bites you.
* * * LOW HITPOINT WARNING * * *
You hit the iguana.
The iguana is almost dead.
The iguana bites you!
You die...

########### ....
#.........# ....#
#.........# .....#
#...).....#
...(..##.........######
..............)....#...
......#.#####.####.....
.....l@..# #.#####....
....##...####.##.......
.. ##................
#.#####...###....
###.######..# #....
#...........# #....
#...........###†...
#..................
#............###...


You could see an iguana.

Vanquished Creatures
  4 adders (D:2)
  A dart slug (D:3)
  2 ribbon worms (D:2)
  An orc (D:3)
  7 ball pythons
  12 endoplasms
  4 giant cockroaches
  7 goblins
  9 hobgoblins
  3 jackals (D:1)
  3 quokkas
  A bat (D:1)
  3 frilled lizards (D:1)
  9 kobolds
  8 rats
74 creatures vanquished.

Notes
Turn   | Place    | Note
-------+----------+-------------------------------------------
     0 | D:1      | lordive the Minotaur Fighter began the quest for the Orb.
     0 | D:1      | Reached XP level 1. HP: 19/19 MP: 0/0
   147 | D:1      | Reached XP level 2. HP: 26/27 MP: 1/1
   337 | D:1      | Reached XP level 3. HP: 26/33 MP: 2/2
   775 | D:2      | Reached XP level 4. HP: 40/40 MP: 3/3
  1046 | D:2      | Reached skill level 1 in Dodging
  2101 | D:3      | Found a glowing silver altar of Zin.
  2112 | D:3      | Found a glowing golden altar of the Shining One.
  2206 | D:3      | Mangled by an iguana

Illustrated notes

Levels and vault maps discovered:
D:1:      saegor_arrival_fortress, layout_rooms, minmay_tetromino_i2
D:2:      minmay_chambers_of_twos, layout_basic
D:3:      layout_rooms, mainiacjoe_overflow_small_starburst,
          lemuel_crystal_altar, kennysheep_generic_room_13

Skill      XL: |  1  2  3  4 |
---------------+-------------+-----
Armour         | 4 |  4.4
Shields        | 4 |  4.3
Fighting       | 4 |  4.1
Maces & Flails | 3 |  3.9
Dodging        | 1 |  1.0
Shapeshifting  | |  0.8

Action                     |  1- 3 |  4- 6 || total
---------------------------+-------+-------++-------
  Melee: Flail             |    88 |    57 ||   145
         Headbutt          |    11 |     6 ||    17
Ability: Begin Untransform |     1 |       ||     1
 Armour: Scale mail        |    60 |    18 ||    78
         Leather armour    |       |    21 ||    21
  Dodge: Dodged            |    43 |    20 ||    63
  Block: Buckler           |    22 |    16 ||    38
   Form: Beast             |     1 |       ||     1
